 Dungeon Crawl Stone Soup version 0.22-a0-75-g1fede22 (webtiles) character file.

452 shenanigans the Skirmisher (level 7, 0/56 HPs)
             Began as a Barachi Monk on Jan 12, 2018.
             Was a Believer of Okawaru.
             Succumbed to a scorpion's poison
             ... on level 4 of the Dungeon.
             The game lasted 00:10:22 (4437 turns).

shenanigans the Skirmisher (Barachi Monk)           Turns: 4437, Time: 00:10:22

Health: 0/56       AC: 10    Str: 12    XL:     7   Next: 4%
Magic:  5/7        EV:  7    Int: 13    God:    Okawaru [**....]
Gold:   157        SH:  5    Dex: 14    Spells: 6/6 levels left

rFire    . . .     SeeInvis .   a - +0 hand axe
rCold    . . .     Gourm    .   l - +0 buckler
rNeg     . . .     Faith    .   h - +0 chain mail
rPois    .         Spirit   .   (no helmet)
rElec    .         Reflect  .   (no cloak)
rCorr    .         Harm     .   e - +0 pair of gloves
MR       .....                  (no boots)
Stlth    ..........             (no amulet)
HPRegen  0.18/turn              (no ring)
MPRegen  0.10/turn              (no ring)

@: lethally poisoned (0 -> -10), slowed, very slow
A: +LOS, swims, slowness 1, strong legs 1
a: Hop, Heroism, Renounce Religion


You were on level 4 of the Dungeon.
You worshipped Okawaru.
Okawaru was pleased with you.
You were not hungry.

You visited 2 branches of the dungeon, and saw 5 of its levels.

You collected 157 gold pieces.

Inventory:

Hand Weapons
 a - a +0 hand axe (weapon)
Armour
 e - a +0 pair of gloves (worn)
 h - a +0 chain mail (worn)
 l - a +0 buckler (worn)
Scrolls
 d - a scroll of immolation {unknown}
 g - 3 scrolls of magic mapping
 m - 3 scrolls of remove curse {unknown}
Potions
 f - a potion of mutation
 j - a potion of haste
Comestibles
 c - 5 rations


   Skills:
 + Level 5.0 Fighting
 + Level 4.6 Axes
 + Level 3.1 Armour
 + Level 4.5 Dodging
 - Level 1.7 Stealth
 * Level 3.9 Shields
 * Level 0.6 Invocations


You had 6 spell levels left.
You didn't know any spells.

Dungeon Overview and Level Annotations

Branches:
Dungeon (4/15)             Temple (1/1) D:4

Altars:
Ashenzari
Dithmenos
Fedhas
Hepliaklqana
Makhleb
Nemelex Xobeh
Okawaru
Qazlal
Trog
Vehumet
Yredelemnul
Zin
The Shining One


Innate Abilities, Weirdness & Mutations

Shadows flee at your approach. (+LOS)
You can swim through water.
You cover ground slowly.
You can hop short distances.


Message History

The scorpion is severely wounded.
* * * LOW HITPOINT WARNING * * *
You feel very sick.
The scorpion stings you but does no damage.
The scorpion stings you.
* * * LOW HITPOINT WARNING * * *
You hit the scorpion.
The scorpion is almost dead.
* * * LOW HITPOINT WARNING * * *
You feel sick. You block the scorpion's attack.
The scorpion stings you but does no damage.
You hit the scorpion.
You kill the scorpion!
Okawaru accepts your kill.
Your Fighting skill increases to level 5!
You have reached level 7!
* * * LOW HITPOINT WARNING * * *
You feel sick.
Okay, then.
You die...

#..###.............####.....#
.. ##.....##.####.##...#####
.####..#.#.##..##.....#.......#
.............................#
..##..##...###..<...##.#######
. ##...........#.......# #
#.............)...####
#.#.........>#....#
#..#..........@#####
##..#######.(.# ..... ###.#
...... #... ......a. .##...
........ o ..... #......... ##
....# ########## #####


There were no monsters in sight!

Vanquished Creatures
  An ogre (D:4)
  A scorpion (D:4)
  A crimson imp (D:3)
  A bullfrog skeleton (D:4)
  3 hounds
  An orc wizard (D:4)
  2 worker ants (D:4)
  2 adders
  An ooze (D:3)
  An adder skeleton (D:4)
  2 worms (D:2)
  A dart slug (D:2)
  3 leopard geckos
  5 orcs
  3 giant cockroaches
  7 goblins
  3 hobgoblins (D:1)
  2 jackals (D:2)
  4 kobolds
  3 bats
  3 frilled lizards
  9 rats
59 creatures vanquished.

Notes
Turn   | Place    | Note
-------+----------+-------------------------------------------
     0 | D:1      | shenanigans the Barachi Monk began the quest for the Orb.
     0 | D:1      | Reached XP level 1. HP: 18/18 MP: 1/1
   194 | D:1      | Reached XP level 2. HP: 25/25 MP: 2/2
   362 | D:1      | Reached skill level 1 in Armour
   999 | D:2      | Reached skill level 4 in Fighting
  1001 | D:2      | Reached XP level 3. HP: 30/30 MP: 3/3
  1323 | D:3      | Found a sparkling altar of Nemelex Xobeh.
  1344 | D:3      | Found a faded altar of an unknown god.
  1419 | D:3      | Reached skill level 1 in Shields
  1805 | D:2      | Found a shattered altar of Ashenzari.
  2380 | D:2      | Found a burning altar of Makhleb.
  2388 | D:2      | Reached XP level 4. HP: 36/37 MP: 4/4
  2902 | D:3      | Reached XP level 5. HP: 42/43 MP: 5/5
  3128 | D:4      | Found a staircase to the Ecumenical Temple.
  3172 | D:4      | HP: 3/64 [poisoned by a worker ant]
  3177 | D:4      | HP: 1/43 [poisoned by a worker ant]
  3460 | D:4      | Reached XP level 6. HP: 44/49 MP: 6/6
  3676 | Temple   | Entered the Ecumenical Temple
  3881 | Temple   | Became a worshipper of Warmaster Okawaru
  3881 | Temple   | Reached * piety under Okawaru
  3881 | Temple   | Reached ** piety under Okawaru
  3930 | D:4      | Noticed a phantom
  4436 | D:4      | Reached skill level 5 in Fighting
  4436 | D:4      | Reached XP level 7. HP: 3/56 MP: 4/7
  4436 | D:4      | HP: 2/56 [poisoned by a scorpion]
  4437 | D:4      | Succumbed to a scorpion's poison

Vault maps used:
D:1:      onia_arrival_mini_spirals, minmay_misc_feat_five
D:2:      evilmike_ruin_ashenzari, makhleb_blood_cavern_becter
D:3:      nemelex_xobeh_ov_fountains_minmay,
          chequers_ecumenical_altar_simple_redux
D:4:      minmay_temple_entry_grid, first_ration
Temple:   dpeg_chambers_temple

Skill      XL: |  1  2  3  4  5  6 |
---------------+-------------------+-----
Armour         | 1 2 3 |  3.1
Fighting       | 4 5 |  5.0
Shields        | 1 2 3 |  3.9
Axes           | 4 |  4.6
Dodging        | 4 |  4.5
Stealth        | |  1.7
Invocations    | |  0.6

Action                   |  1- 3 |  4- 6 |  7- 9 || total
-------------------------+-------+-------+-------++-------
Melee: Hand axe          |   168 |   208 |       ||   376
Invok: Heroism           |       |     2 |       ||     2
 Abil: Hop               |     1 |     1 |       ||     2
  Use: Scroll            |     5 |       |       ||     5
       Potion            |     1 |     6 |       ||     7
 Stab: Invisible         |       |     1 |       ||     1
  Eat: Chunk             |     5 |     5 |       ||    10
       Ration            |       |     1 |       ||     1
Armor: Chain mail        |    93 |   115 |       ||   208
Dodge: Dodged            |    45 |    91 |       ||   136
Block: Buckler           |    22 |    38 |       ||    60

Table legend:
 A = Spawn XP
 B = Non-spawn XP
 C = Spawn XP percentage of total XP
 D = Spawn monster count
 E = Non-spawn monster count
 F = Spawn count percentage of total count
 G = Total turns spent on level
                    A         B        C        D         E        F      G
               +---------+---------+-------+---------+---------+-------+---------
         Total |       0 |     646 |   0.0 |       0 |      59 |   0.0 |  4437
               +---------+---------+-------+---------+---------+-------+---------
           D:1 |       0 |      24 |   0.0 |       0 |      14 |   0.0 |   707
           D:2 |       0 |      94 |   0.0 |       0 |      20 |   0.0 |  1474
           D:3 |       0 |      82 |   0.0 |       0 |      10 |   0.0 |  1441
           D:4 |       0 |     446 |   0.0 |       0 |      15 |   0.0 |   582
               +---------+---------+-------+---------+---------+-------+---------
